 Dungeon Crawl Stone Soup version 0.30.1-11-g7821555f0a (webtiles) character file.

Game seed: 14642932125361267742

658 DoomSlayer the Chopper (level 7, -6/47 HPs)
             Began as a Human Fighter on Dec 4, 2023.
             Was a Follower of Hepliaklqana.
             Mangled by a yak (8 damage)
             ... on level 5 of the Dungeon.
             The game lasted 00:04:56 (915 turns).

DoomSlayer the Chopper (Human Fighter)               Turns: 915, Time: 00:04:57

Health: -6/47      AC: 11    Str: 16    XL:     7   Next: 85%
Magic:  7/7        EV:  9    Int: 10    God:    Hepliaklqana [*.....]
Gold:   53         SH:  0    Dex: 13    Spells: 6/6 levels left

rFire   + . .        a - +0 war axe
rCold   x . .        c - +0 buckler
rNeg    . . .        b - +0 scale mail
rPois   .            (no helmet)
rElec   .            (no cloak)
rCorr   .            (no gloves)
SInv    .            (no boots)
Will    .....        (no amulet) Stlth
                     f - ring of fire
HPRegen 0.27/turn    k - +4 ring of protection
MPRegen 0.10/turn

%: no passive effects
@: confused, mighty, ambrosia-drunk
A: reduced essence
a: Renounce Religion, Recall Ancestor, Ancestor Identity


You were on level 5 of the Dungeon.
You worshipped Hepliaklqana.
Hepliaklqana was aware of your devotion.
You visited 1 branch of the dungeon, and saw 5 of its levels.

You collected 75 gold pieces.
You spent 22 gold pieces at shops.

Inventory:

Hand Weapons
 a - a +0 war axe (weapon)
Missiles
 s - 2 javelins (quivered)
Armour
 b - a +0 scale mail (worn)
 c - a +0 buckler (worn)
Jewellery
 f - a ring of fire (left hand)
 k - a +4 ring of protection (right hand)
 l - a ring of poison resistance
Wands
 h - a wand of roots (11)
 n - a wand of polymorph (8)
Scrolls
 e - a scroll of vulnerability {unknown}
 m - a scroll of teleportation {unknown}
 o - a scroll of blinking {unknown}
Potions
 g - a potion of curing
 j - a potion of heal wounds {unknown}
 p - a potion of mutation {unknown}
 q - a potion of lignification {unknown}
 r - a potion of degeneration {unknown}


   Skills:
 * Level 3.7 Fighting
 * Level 5.0 Axes
 * Level 2.2 Throwing
 * Level 4.1 Armour
 * Level 2.1 Dodging
 * Level 2.2 Stealth
 * Level 3.7 Shields
 * Level 1.7 Evocations


You had 6 spell levels left.
You didn't know any spells.
Your spell library contained the following spells:

 Spells                   Type           Power      Damage    Failure   Level
 Beastly Appendage        Tmut           0%         N/A       86%         1
 Wereblood                Tmut           0%         N/A       95%         2
 Spider Form              Tmut/Pois      0%         N/A       99%         3


Dungeon Overview and Level Annotations

Branches:
Dungeon (5/15)
 Temple: D:4-7

Altars:
Hepliaklqana
Okawaru

Shops:
D:1 *


Message History

You slash the yak!
The yak is moderately wounded.
You hit the yak.
You kill the yak!
BJ Blazkowicz hits the yak.
BJ Blazkowicz hits the yak but does no damage.
Your Throwing skill increases to level 2!
Your Dodging skill increases to level 2!
Your Stealth skill increases to level 2!
You hit the yak but do no damage.
The yak is moderately wounded.
You hit the yak. The yak gores you but does no damage.
BJ Blazkowicz hits the yak but does no damage.
The yak gores you. You block the yak's attack.
You slash the yak!
The yak is heavily wounded.
You slash the yak! x2; The yak closely misses you.
You block the yak's attack. The yak gores you.
You slice the yak!!
You kill the yak!
You hit the yak. You hit the yak but do no damage.
BJ Blazkowicz hits the yak but does no damage.
A yak comes into view.
The yak gores you but does no damage. The yak gores you.
BJ Blazkowicz hits the yak!
Your Axes skill increases to level 5!
Your Armour skill increases to level 4!
You feel better. The yak gores you! The yak closely misses you.
BJ Blazkowicz hits the yak.
The yak attacks as you move away! The yak gores you.
* * * LOW HITPOINT WARNING * * *
The yak gores you!
* * * LOW HITPOINT WARNING * * *
The yak gores BJ Blazkowicz.
BJ Blazkowicz barely misses the yak.
You are confused.
You feel invigorated. The yak gores you.
* * * LOW HITPOINT WARNING * * *
The yak barely misses you.
The yak closely misses BJ Blazkowicz.
BJ Blazkowicz hits the yak.
The yak attacks as you move away! The yak gores you!
You die...

...# +. ...# .. ...
#. #..# #. #.# #+###
###+##..###
##.##.###.###
#.........
......#..... .......
.....#..... #...##
#..##.....
##.Y##+#####..##.....
#.YY@................
#..R..........##'###.
#.............##..##.
#....#........##..#..
###############...#..
...##. #######


You could see the friendly BJ Blazkowicz the ancestor and 3 yaks.

Vanquished Creatures
  2 yaks (D:5)
  A scorpion (D:3)
  A hound (D:5)
  An iguana (D:4)
  Ijyb (D:5)
  An adder (D:2)
  A worm (D:3)
  2 dart slugs
  6 ball pythons
  5 endoplasms
  2 goblins
  3 hobgoblins
  4 bats
  A frilled lizard (D:1)
  4 rats
35 creatures vanquished.

Vanquished Creatures (collateral kills)
  A yak (D:5)
  A jelly (D:4)
  A giant cockroach (D:3)
  A goblin (D:3)
4 creatures vanquished.

Grand Total: 39 creatures vanquished

Notes
Turn   | Place    | Note
-------+----------+-------------------------------------------
     0 | D:1      | DoomSlayer the Human Fighter began the quest for the Orb.
     0 | D:1      | Reached XP level 1. HP: 18/18 MP: 1/1
    95 | D:1      | Found Pozouji's General Store.
   109 | D:1      | Reached XP level 2. HP: 20/24 MP: 2/2
   173 | D:1      | Bought a scroll of identify for 22 gold pieces
   320 | D:2      | Reached XP level 3. HP: 26/29 MP: 3/3
   418 | D:3      | Found a faded altar of an unknown god.
   423 | D:3      | Found an iron altar of Okawaru.
   429 | D:3      | Prayed at the altar of an unknown god.
   429 | D:3      | Became a worshipper of Hepliaklqana the Forgotten
   429 | D:3      | Reached * piety under Hepliaklqana
   450 | D:3      | Reached skill level 1 in Dodging
   546 | D:3      | Noticed a scorpion
   559 | D:3      | Killed a scorpion
   560 | D:3      | Reached skill level 1 in Throwing
   560 | D:3      | Reached XP level 4. HP: 29/31 MP: 4/4
   584 | D:3      | Reached skill level 1 in Stealth
   625 | D:3      | Reached XP level 5. HP: 36/36 MP: 5/5
   710 | D:4      | Reached skill level 3 in Axes
   837 | D:5      | Entered Level 5 of the Dungeon
   845 | D:5      | Noticed Ijyb
   855 | D:5      | Killed Ijyb
   888 | D:5      | Reached skill level 1 in Evocations
   888 | D:5      | Reached XP level 6. HP: 42/42 MP: 6/6
   898 | D:5      | Noticed a yak
   899 | D:5      | Noticed a yak
   903 | D:5      | Noticed a yak
   903 | D:5      | Killed a yak
   904 | D:5      | Reached skill level 4 in Axes
   904 | D:5      | Reached XP level 7. HP: 46/46 MP: 7/7
   905 | D:5      | Noticed a yak
   906 | D:5      | Noticed a yak
   908 | D:5      | Killed a yak
   911 | D:5      | Killed a yak
   911 | D:5      | Noticed a yak
   912 | D:5      | Reached skill level 5 in Axes
   913 | D:5      | HP: 1/47 [yak (13)]
   915 | D:5      | Mangled by a yak

Illustrated notes

Levels and vault maps discovered:
D:1:      sevenhm_arrival_forest_fort_large_4, layout_loops_ring, serial_shops,
          shop, nicolae_shop_rolling_square, shop, shop, minmay_tromino_v4_a
D:2:      layout_rooms
D:3:      minmay_diamond_boxcup, layout_basic,
          nicolae_overflow_ecumenical_swirl, grunt_temple_overflow_open,
          serial_shops, shop, serial_park_tiny_2, minmay_tree_intersection
D:4:      layout_rooms
D:5:      layout_gridville, grunt_ministairs_14, nicolae_figureground_sparkle,
          uniq_ijyb

Skill      XL: |  1  2  3  4  5  6  7 |
---------------+----------------------+-----
Dodging        | 1 2 |  2.1
Throwing       | 1 2 |  2.2
Stealth        | 1 2 |  2.2
Axes           | 3 4 5 |  5.0
Evocations     | 1 |  1.7
Armour         | 4 |  4.1
Fighting       | |  3.7
Shields        | |  3.7

Action                     |  1- 3 |  4- 6 |  7- 9 || total
---------------------------+-------+-------+-------++-------
  Melee: War axe           |    60 |    27 |     6 ||    93
  Throw: Dart              |     1 |       |       ||     1
         Javelin           |       |     2 |       ||     2
 Invoke: Ancestor Identity |     1 |     1 |       ||     2
  Evoke: Wand              |       |     1 |       ||     1
    Use: Scroll            |     2 |     2 |       ||     4
         Potion            |       |     1 |     2 ||     3
 Armour: Scale mail        |    32 |     8 |     3 ||    43
  Dodge: Dodged            |    35 |    13 |     5 ||    53
  Block: Buckler           |    19 |    10 |     2 ||    31
